FBNC
UNION TOWNSHIP SODBUSTERS @ BOSTON RED SOX
03/31/1946
 
TOP OF THE 1ST
Union Township Sodbusters batting - Pitching for Boston Red Sox : RHP Pete Redfern
Pitching: RHP Pete Redfern
Batting: LHB Goose Goslin 0-0: Ball
1-0: Ground out U3 (Groundball, 3L, EV 85.6 MPH)
Batting: SHB Frankie Frisch 0-0: Ball
1-0: Called Strike
1-1: Ball
2-1: Foul Ball, location: 2F
2-2: Fly out, F8 (Flyball, 78D, EV 94.4 MPH)
Batting: RHB Austin McHenry 0-0: Foul Ball, location: 2F
0-1: Ball
1-1: Ground out 4-3 (Groundball, 4, EV 99.4 MPH)
Top of the 1st over - 0 runs, 0 hits, 0 errors, 0 left on base; Union Township 0 - Boston 0
BOTTOM OF THE 1ST
Boston Red Sox batting - Pitching for Union Township Sodbusters : RHP Bill Doak
Pitching: RHP Bill Doak
Batting: RHB Rick Burleson 0-0: Ball
1-0: Ball
2-0: SINGLE (Groundball, 6MD, EV 96.9 MPH)
Batting: LHB Willie Montanez 0-0: Ball
1-0: Fly out, F9 (Flyball, 9S, EV 85.6 MPH)
Batting: RHB Dwight Evans 0-0: Ball
1-0: Ball
2-0: Called Strike
2-1: Ball
3-1: Foul Ball, location: 2F
3-2: Fly out, F8 (Flyball, 8LXD, EV 88.8 MPH)
Batting: SHB Reggie Smith 0-0: Called Strike
Rick Burleson steals 2nd base (no throw)
0-1: Ball
1-1: Ball
2-1: Fly out, F8 (Flyball, 8LM, EV 91.3 MPH)
Bottom of the 1st over - 0 runs, 1 hit, 0 errors, 1 left on base; Union Township 0 - Boston 0
TOP OF THE 2ND
Union Township Sodbusters batting - Pitching for Boston Red Sox : RHP Pete Redfern
Batting: RHB Bubbles Hargrave 0-0: Called Strike
0-1: Ball
1-1: Foul Ball, location: 2F
1-2: Ground out 1-3 (Groundball, 13S, EV 75.0 MPH)
Batting: RHB Chick Hafey 0-0: Ball
1-0: Called Strike
1-1: Ball
2-1: Ground out 5-3 (Groundball, 5, EV 80.6 MPH)
Batting: RHB John Kelleher 0-0: Called Strike
0-1: Foul Ball, location: 2F
0-2: Hit by Pitch
Batting: RHB Joe Dugan 0-0: Ball
1-0: Ball
John Kelleher steals 2nd base
2-0: Called Strike
2-1: Swinging Strike
2-2: Foul Ball, location: 2F
2-2: Strikes out looking
Top of the 2nd over - 0 runs, 0 hits, 0 errors, 1 left on base; Union Township 0 - Boston 0
BOTTOM OF THE 2ND
Boston Red Sox batting - Pitching for Union Township Sodbusters : RHP Bill Doak
Batting: RHB George C Scott 0-0: Ball
1-0: Ball
2-0: SINGLE (Flyball, 9LS, EV 91.9 MPH)
Batting: LHB Carl Yastrzemski 0-0: Ball
1-0: Called Strike
1-1: Ball
2-1: Foul Ball, location: 2F
2-2: Ball
3-2: Base on Balls
George C Scott to second
Batting: RHB Bill Zayas 0-0: Called Strike
0-1: Fly out, F8 (Line Drive, 8RD, EV 103.1 MPH)
Batting: RHB Manny Sanguillen 0-0: Swinging Strike
0-1: Foul Ball, location: 2F
0-2: Strikes out swinging
Batting: RHB Pete Redfern 0-0: Ball
1-0: Ball
2-0: Called Strike
2-1: Ball
3-1: Called Strike
3-2: Foul Ball, location: 2F
3-2: Ground out 4-3 (Groundball, 34, EV 78.1 MPH)
Bottom of the 2nd over - 0 runs, 1 hit, 0 errors, 2 left on base; Union Township 0 - Boston 0
TOP OF THE 3RD
Union Township Sodbusters batting - Pitching for Boston Red Sox : RHP Pete Redfern
Batting: RHB Jimmy E Cooney 0-0: Ball
1-0: Ball
2-0: Ball
3-0: SINGLE (Groundball, 4MD, EV 104.4 MPH)
Batting: RHB Bill Doak 0-0: Bunt - Flyout to 5S! F5
Batting: LHB Goose Goslin 0-0: Called Strike
0-1: Ball
1-1: Ball
2-1: Reached on error, E1 (Groundball, P, EV 79.4 MPH)
Jimmy E Cooney to second
Batting: SHB Frankie Frisch 0-0: Ball
Jimmy E Cooney steals 3rd base
1-0: Called Strike
1-1: Ball
2-1: Foul Ball, location: 2F
2-2: DOUBLE (Line Drive, 5D, EV 96.3 MPH)
Jimmy E Cooney scores
Goose Goslin to third
Batting: RHB Austin McHenry 0-0: Ball
1-0: Ground out 5-3 (Groundball, 56, EV 99.4 MPH)
Goose Goslin scores
Batting: RHB Bubbles Hargrave 0-0: Ball
1-0: Called Strike
1-1: Ball
Wild Pitch!
Frankie Frisch to third
2-1: Called Strike
2-2: Ball
3-2: Strikes out swinging
Top of the 3rd over - 2 runs, 2 hits, 1 error, 1 left on base; Union Township 2 - Boston 0
BOTTOM OF THE 3RD
Boston Red Sox batting - Pitching for Union Township Sodbusters : RHP Bill Doak
Batting: RHB Rick Burleson 0-0: Ball
1-0: Called Strike
1-1: SINGLE (Groundball, 6MD, EV 106.3 MPH)
Batting: LHB Willie Montanez 0-0: Called Strike
0-1: Fly out, F5 (Popup, 5SF, EV 86.9 MPH)
Batting: RHB Dwight Evans 0-0: Ball
1-0: Called Strike
1-1: Foul Ball, location: 2F
1-2: Single, Error in OF, E8, batter to second base (Groundball, 4MD, EV 106.3 MPH)
Rick Burleson to third
Batting: SHB Reggie Smith 0-0: Ball
1-0: Called Strike
1-1: Ball
2-1: Ball
3-1: Foul Ball, location: 2F
3-2: Ground out U3 (Groundball, 3, EV 81.3 MPH)
Batting: RHB George C Scott 0-0: Foul Ball, location: 2F
0-1: Ball
1-1: Ball
2-1: Fly out, F9 (Flyball, 9LSF, EV 94.4 MPH)
Bottom of the 3rd over - 0 runs, 2 hits, 1 error, 2 left on base; Union Township 2 - Boston 0
TOP OF THE 4TH
Union Township Sodbusters batting - Pitching for Boston Red Sox : RHP Pete Redfern
Batting: RHB Chick Hafey 0-0: Foul Ball, location: 2F
0-1: Foul Ball, location: 2F
0-2: Ball
1-2: Foul Ball, location: 2F
1-2: Ball
2-2: Foul Ball, location: 2F
2-2: Ball
3-2: Fly out, F8 (Line Drive, 8RM, EV 108.8 MPH)
Batting: RHB John Kelleher 0-0: Called Strike
0-1: Ball
1-1: Called Strike
1-2: Fly out, F9 (Flyball, 89D, EV 76.9 MPH)
Batting: RHB Joe Dugan 0-0: Foul Ball, location: 2F
0-1: Ball
1-1: Ground out 3-1 (Groundball, 34, EV 86.3 MPH)
Top of the 4th over - 0 runs, 0 hits, 0 errors, 0 left on base; Union Township 2 - Boston 0
BOTTOM OF THE 4TH
Boston Red Sox batting - Pitching for Union Township Sodbusters : RHP Bill Doak
Batting: LHB Carl Yastrzemski 0-0: Ball
1-0: Ball
2-0: Called Strike
2-1: Called Strike
2-2: Ball
3-2: SINGLE (Line Drive, 34D, EV 97.5 MPH)
Batting: RHB Bill Zayas 0-0: Foul Ball, location: 2F
0-1: Ground out 4-3 (Groundball, 4, EV 89.4 MPH)
Carl Yastrzemski to second
Batting: RHB Manny Sanguillen 0-0: Called Strike
0-1: Ball
1-1: Called Strike
1-2: Strikes out swinging
Batting: RHB Pete Redfern 0-0: Ball
1-0: Called Strike
1-1: Fly out, F7 (Flyball, 7S, EV 84.4 MPH)
Bottom of the 4th over - 0 runs, 1 hit, 0 errors, 1 left on base; Union Township 2 - Boston 0
TOP OF THE 5TH
Union Township Sodbusters batting - Pitching for Boston Red Sox : RHP Pete Redfern
Batting: RHB Jimmy E Cooney 0-0: Called Strike
0-1: Foul Ball, location: 2F
0-2: Ball
1-2: Ground out 6-3 (Groundball, 6, EV 103.1 MPH)
Batting: RHB Bill Doak 0-0: Ball
1-0: Called Strike
1-1: Swinging Strike
1-2: Strikes out swinging
Batting: LHB Goose Goslin 0-0: Ball
1-0: Swinging Strike
1-1: Ball
2-1: Ground out 1-3 (Groundball, 34S, EV 85.0 MPH)
Top of the 5th over - 0 runs, 0 hits, 0 errors, 0 left on base; Union Township 2 - Boston 0
BOTTOM OF THE 5TH
Boston Red Sox batting - Pitching for Union Township Sodbusters : RHP Bill Doak
Batting: RHB Rick Burleson 0-0: Ball
1-0: Swinging Strike
1-1: Ball
2-1: Ball
3-1: Ground out 6-3 (Groundball, 6, EV 100.0 MPH)
Batting: LHB Willie Montanez 0-0: Swinging Strike
0-1: Called Strike
0-2: Foul Ball, location: 2F
0-2: Ball
1-2: Fly out, F8 (Line Drive, 8LM, EV 88.8 MPH)
Batting: RHB Dwight Evans 0-0: Foul Ball, location: 2F
0-1: Ball
1-1: Foul Ball, location: 2F
1-2: Ball
2-2: Ball
3-2: Fly out, F4 (Popup, 4M, EV 69.4 MPH)
Bottom of the 5th over - 0 runs, 0 hits, 0 errors, 0 left on base; Union Township 2 - Boston 0
TOP OF THE 6TH
Union Township Sodbusters batting - Pitching for Boston Red Sox : RHP Pete Redfern
Batting: SHB Frankie Frisch 0-0: Fly out, F6 (Line Drive, 6, EV 67.5 MPH)
Batting: RHB Austin McHenry 0-0: Ball
1-0: Ground out 4-3 (Groundball, 4S, EV 71.9 MPH)
Batting: RHB Bubbles Hargrave 0-0: Ball
1-0: Fly out, F9 (Flyball, 9D, EV 96.3 MPH)
Top of the 6th over - 0 runs, 0 hits, 0 errors, 0 left on base; Union Township 2 - Boston 0
BOTTOM OF THE 6TH
Boston Red Sox batting - Pitching for Union Township Sodbusters : RHP Bill Doak
Batting: SHB Reggie Smith 0-0: Foul Ball, location: 2F
0-1: Hit by Pitch
Batting: RHB George C Scott 0-0: Called Strike
0-1: Ball
1-1: Foul Ball, location: 2F
1-2: Fly out, F8 (Flyball, 8RM, EV 92.5 MPH)
Batting: LHB Carl Yastrzemski 0-0: Fly out, F8 (Flyball, 8LXD, EV 95.0 MPH)
Batting: RHB Bill Zayas 0-0: Called Strike
0-1: Ball
1-1: Fielders Choice at 2nd, 5-4 (Groundball, 5, EV 105.6 MPH)
Bottom of the 6th over - 0 runs, 0 hits, 0 errors, 1 left on base; Union Township 2 - Boston 0
TOP OF THE 7TH
Union Township Sodbusters batting - Pitching for Boston Red Sox : RHP Pete Redfern
Batting: RHB Chick Hafey 0-0: DOUBLE (Line Drive, 7LS, EV 115.6 MPH)
Batting: RHB John Kelleher 0-0: Ball
1-0: Ground out 4-3 (Groundball, 4, EV 81.9 MPH)
Chick Hafey to third
Batting: RHB Joe Dugan 0-0: Intentional Walk
Batting: RHB Jimmy E Cooney 0-0: Ball
Joe Dugan steals 2nd base
1-0: Called Strike
1-1: Ground out 6-3 (Groundball, 6M, EV 77.5 MPH)
Batting: RHB Bill Doak 0-0: Ball
1-0: Called Strike
1-1: Ball
2-1: Foul Ball, location: 2F
2-2: Strikes out swinging
Top of the 7th over - 0 runs, 1 hit, 0 errors, 2 left on base; Union Township 2 - Boston 0
BOTTOM OF THE 7TH
Boston Red Sox batting - Pitching for Union Township Sodbusters : RHP Bill Doak
Batting: RHB Manny Sanguillen 0-0: Ball
1-0: Ball
2-0: Ball
3-0: Base on Balls
Pinch Hitting: LHB Larry Fritz 0-0: Swinging Strike
0-1: Fly out, F7 (Flyball, 78S, EV 86.9 MPH)
Batting: RHB Rick Burleson 0-0: Called Strike
0-1: Ball
1-1: Foul Ball, location: 2F
1-2: Ball
2-2: Ball
3-2: Grounds into double play, 4-6-3 (Groundball, 4M, EV 101.3 MPH)
Bottom of the 7th over - 0 runs, 0 hits, 0 errors, 0 left on base; Union Township 2 - Boston 0
TOP OF THE 8TH
Union Township Sodbusters batting - Pitching for Boston Red Sox : RHP Pete Redfern
Pitching: LHP Tug McGraw
Batting: LHB Goose Goslin 0-0: SINGLE (Groundball, 3D, EV 101.3 MPH)
Batting: SHB Frankie Frisch 0-0: Bunted foul
0-1: Bunted foul
0-2: SINGLE (Groundball, 6MD, EV 95.0 MPH)
Goose Goslin to second
Batting: RHB Austin McHenry 0-0: Ball
1-0: Fly out, F8 (Flyball, 78D, EV 101.9 MPH)
Batting: RHB Bubbles Hargrave 0-0: Called Strike
0-1: Ball
Goose Goslin steals 3rd base
1-1: Ball
2-1: Foul Ball, location: 2F
2-2: Ball
3-2: Base on Balls
Frankie Frisch to second
Batting: RHB Chick Hafey 0-0: Called Strike
0-1: Called Strike
0-2: Ball
1-2: Foul Ball, location: 2F
1-2: Foul Ball, location: 2F
1-2: Ball
2-2: Ball
3-2: Base on Balls
Goose Goslin scores
Frankie Frisch to third
Bubbles Hargrave to second
Pitching: RHP Dave Heaverlo
Batting: RHB John Kelleher 0-0: Called Strike
0-1: Swinging Strike
0-2: Ball
1-2: Strikes out swinging
Batting: RHB Joe Dugan 0-0: Swinging Strike
0-1: Ground out 4-3 (Groundball, 4, EV 85.0 MPH)
Top of the 8th over - 1 run, 2 hits, 0 errors, 3 left on base; Union Township 3 - Boston 0
BOTTOM OF THE 8TH
Boston Red Sox batting - Pitching for Union Township Sodbusters : RHP Bill Doak
Batting: LHB Willie Montanez 0-0: Called Strike
0-1: Ball
1-1: Fly out, F6 (Popup, 6, EV 74.4 MPH)
Batting: RHB Dwight Evans 0-0: Swinging Strike
0-1: Swinging Strike
0-2: Foul Ball, location: 2F
0-2: Ball
1-2: Ball
2-2: Ball
3-2: Foul Ball, location: 2F
3-2: Fly out, F4 (Popup, 4M, EV 60.0 MPH)
Batting: SHB Reggie Smith 0-0: Ball
1-0: Ball
2-0: Ball
3-0: Called Strike
3-1: Called Strike
3-2: Foul Ball, location: 2F
3-2: Base on Balls
Batting: RHB George C Scott 0-0: Ball
1-0: Called Strike
1-1: Foul Ball, location: 2F
1-2: Ball
2-2: Ball
3-2: Foul Ball, location: 2F
3-2: Ground out 6-3 (Groundball, 6, EV 85.0 MPH)
Bottom of the 8th over - 0 runs, 0 hits, 0 errors, 1 left on base; Union Township 3 - Boston 0
TOP OF THE 9TH
Union Township Sodbusters batting - Pitching for Boston Red Sox : RHP Dave Heaverlo
Batting: RHB Jimmy E Cooney 0-0: Ground out U3 (Groundball, 3L, EV 85.6 MPH)
Batting: RHB Bill Doak 0-0: Foul Ball, location: 2F
0-1: Fly out, F8 (Line Drive, 8LM, EV 105.6 MPH)
Pitching: RHP Paul Hartzell
Batting: LHB Goose Goslin 0-0: Ball
1-0: Swinging Strike
1-1: Ball
2-1: Ground out 6-3 (Groundball, 6, EV 91.3 MPH)
Top of the 9th over - 0 runs, 0 hits, 0 errors, 0 left on base; Union Township 3 - Boston 0
BOTTOM OF THE 9TH
Boston Red Sox batting - Pitching for Union Township Sodbusters : RHP Bill Doak
Batting: LHB Carl Yastrzemski 0-0: SINGLE (Flyball, 8LS, EV 83.8 MPH)
Batting: RHB Bill Zayas 0-0: Called Strike
0-1: Ball
1-1: Swinging Strike
1-2: Ball
2-2: SINGLE (Groundball, 34D, EV 97.5 MPH)
Carl Yastrzemski to second
Pinch Hitting: LHB Al Oliver 0-0: Ball
1-0: Ball
2-0: Reached on error, E1 (Groundball, 13, EV 70.0 MPH)
Carl Yastrzemski to third
Bill Zayas to second
Pinch Hitting: RHB Chris Bigas 0-0: Ball
1-0: Swinging Strike
1-1: Ball
2-1: Foul Ball, location: 2F
2-2: Strikes out swinging
Batting: RHB Rick Burleson 0-0: Called Strike
0-1: Ball
1-1: DOUBLE (Flyball, 8RXD, EV 98.8 MPH)
Carl Yastrzemski scores
Bill Zayas scores
Al Oliver to third
Pitching: RHP Mike Kircher
Batting: LHB Willie Montanez 0-0: Ball
1-0: Called Strike
1-1: Ball
2-1: Called Strike
2-2: Fly out, F7 (Line Drive, 7, EV 98.8 MPH)
Runner from 3rd tags up, SCORES, throw by LF
Batting: RHB Dwight Evans 0-0: Foul Ball, location: 2F
0-1: Ball
1-1: SINGLE (Line Drive, 7S, EV 88.8 MPH)
Rick Burleson to third
Throwing error, E7
Rick Burleson scores
Thursday, April 25th, 2019 - OOTP Baseball 20.2 Build 33